Map: Eastwatch LE

Players

Namshar - Winner!

  • Race: Zerg Zerg
  • Spawn Location: 1:00

NoRegreT

  • Race: Zerg Zerg
  • Spawn Location: 7:00

Event: IEM Season 12 - Katowice

VOD

Have the link to the VOD?

Description

Time

  • Played on: Feb. 27, 2018, 4:09 a.m.
  • Length: 5:19

All games in this series

Show
View Real Time Build Order
Export as new Build Order

Namshar Zerg - Winner!

Build Orders: Pool First, Zergling Baneling 

Get SALT Encoding   

  12  0:00  Drone  
  13  0:12  Overlord  
  13  0:17  Drone  
  14  0:30  Drone x2  
  14  0:34  Drone  
  17  0:44  Extractor  
  17  0:45  Drone  
  17  0:49  Spawning Pool  
  16  0:55  Drone  
  17  1:06  Drone  
  18  1:17  Hatchery  
  17  1:35  Queen  
  17  1:36  Zergling x2  
  20  1:43  Metabolic Boost  
  20  1:48  Overlord  
  20  1:55  Drone, Zergling x2  
  22  2:11  Queen  
  22  2:15  Drone  
  25  2:16  Baneling Nest  
  25  2:18  Zergling x2  
  25  2:23  Zergling x2  
  26  2:31  Zergling x2  
  26  2:35  Zergling x2  
  28  2:48  Zergling x6  
  31  2:57  Zergling x2  
  32  3:05  Overlord, Baneling x2  
  31  3:06  Drone  
  31  3:07  Drone  
  33  3:16  Baneling x2  
  33  3:18  Drone x3  
  36  3:25  Drone x3  
  38  3:33  Zergling x6  
  40  3:39  Baneling x2  
  40  3:45  Zergling x4  
  35  3:58  Zergling x6  
  31  4:11  Drone x2  
  31  4:15  Drone  
  32  4:19  Baneling x2  
  32  4:22  Queen  
  34  4:25  Drone  
  34  4:26  Queen  
  34  4:27  Zergling x2  
  38  4:33  Baneling, Zergling x4  
  38  4:37  Zergling x2  
  40  4:47  Zergling x6  
  40  4:52  Baneling x2, Zergling x2  
  39  4:53  Zergling x2  
Show
View Real Time Build Order
Export as new Build Order

NoRegreT Zerg 

Build Orders: Pool First, Zergling Baneling 

Get SALT Encoding   

  12  0:00  Drone  
  13  0:14  Overlord  
  13  0:20  Drone  
  14  0:33  Drone  
  14  0:34  Drone  
  16  0:37  Extractor  
  16  0:38  Drone  
  16  0:47  Spawning Pool  
  15  0:52  Drone  
  16  0:58  Drone  
  17  1:24  Hatchery  
  16  1:34  Zergling x6  
  16  1:38  Metabolic Boost  
  19  1:46  Zergling x2  
  20  1:53  Queen  
  22  2:02  Overlord  
  22  2:12  Baneling Nest  
  22  2:13  Zergling x2  
  22  2:22  Zergling x2  
  23  2:28  Zergling x2  
  24  2:37  Zergling x2  
  24  2:41  Zergling x2  
  26  2:49  Zergling x2  
  27  2:54  Zergling x2  
  27  2:58  Zergling x2  
  29  3:02  Baneling  
  29  3:03  Baneling x2, Zergling x2  
  30  3:05  Zergling x2  
  30  3:10  Zergling x2  
  32  3:21  Zergling x4  
  32  3:23  Zergling x4  
  36  3:31  Baneling x2  
  36  3:35  Baneling  
  35  3:42  Zergling x2  
  35  3:45  Zergling x4  
  33  3:49  Zergling x6  
  33  3:56  Zergling x2  
  33  3:58  Zergling x2  
  29  4:03  Zergling x2  
  29  4:04  Zergling x2  
  26  4:11  Zergling x2  
  26  4:14  Zergling x2  
  26  4:18  Baneling x2  
  26  4:25  Baneling  
  26  4:26  Baneling  
  26  4:32  Zergling x2  
  26  4:34  Zergling x2  
  26  4:38  Baneling  
  28  4:42  Zergling x2  
  23  4:46  Zergling x2  
  21  4:56  Zergling x2  
  20  5:00  Drone  
  17  5:07  Drone  

Tags
 
Add a new tag
Caveats
  • Supply blocks, unpowered buildings, or Contaminate may cause inaccurate times.
  • Supply counts are checked every 10 seconds.